 Dungeon Crawl Stone Soup version 0.29.1-2-gbd0b4ee654 (webtiles) character file.

Game seed: 1340794159530782019

74 firemarshallily the Conjurer (level 4, -1/42 HPs)
             Began as an Octopode Conjurer on Nov 1, 2022.
             Succumbed to an orc priest's poison
             ... on level 3 of the Dungeon.
             The game lasted 00:05:07 (1813 turns).

firemarshallily the Conjurer (Octopode Conjurer)    Turns: 1813, Time: 00:05:08

Health: -1/42      AC:  1    Str:  6    XL:     4   Next: 30%
Magic:  3/8        EV: 13    Int: 22    God:
Gold:   54         SH:  0    Dex: 10    Spells: 5/8 levels left

rFire   . . .      SeeInvis .   e - +0 dagger (pain)
rCold   . . .      Faith    .   (no shield)
rNeg    . . .      Spirit   .   (helmet restricted)
rPois   .          Reflect  .   (no amulet)
rElec   .          Harm     .   (no ring)
rCorr   .          Rampage  .   (no ring)
Will    .....                   (no ring)
Stlth   ..........              (no ring)
HPRegen 0.14/turn               (no ring)
MPRegen 0.11/turn               (no ring)
                                (no ring)
                                (no ring)

@: berserking, lethally poisoned (-1 -> -20), flying, very quick
A: almost no armour, amphibious, 8 rings, camouflage 1, gelatinous body 1,
(nimble swimmer 1), tentacles
a: no special abilities


You were on level 3 of the Dungeon.
You visited 1 branch of the dungeon, and saw 3 of its levels.

You collected 54 gold pieces.

Inventory:

Hand Weapons
 e - a +0 dagger of pain (weapon)
Missiles
 b - 15 stones
Wands
 k - a wand of flame (29)
Scrolls
 g - a scroll of identify {unknown}
 j - a scroll of enchant weapon {unknown}
Potions
 a - a potion of magic
 d - a potion of flight
 f - a potion of curing {unknown}
 h - a potion of lignification {unknown}
 i - a potion of mutation {unknown}


   Skills:
 + Level 1.2 Fighting
 + Level 2.5 Dodging
 - Level 2.6 Stealth
 * Level 2.9 Spellcasting
 * Level 4.5 Conjurations


You had 5 spell levels left.
You knew the following spells:

 Your Spells              Type           Power      Damage    Failure   Level
a - Magic Dart            Conj           92%        1d7       1%          1
b - Searing Ray           Conj           46%        2d6       3%          2

Your spell library contained the following spells:

 Spells                   Type           Power      Damage    Failure   Level
 Dazzling Flash           Conj/Hex       26%        N/A       14%         3
 Fulminant Prism          Conj/Hex       6%         3d7       43%         4
 Iskenderun's Mystic Bla  Conj/Tloc      13%        2d5       43%         4


Dungeon Overview and Level Annotations

Branches:
Dungeon (3/15)

Altars:


Innate Abilities, Weirdness & Mutations

You cannot wear most types of armour.
You are amphibious.
You can wear up to eight rings at the same time.
Your skin changes colour to match your surroundings (Stealth+).
Your rubbery body absorbs attacks. (AC +1, EV +1)
((You are camouflaged when in or above water. (Stealth+)))
You have tentacles for arms and can constrict up to eight enemies at once.


Message History

Press: ? - help, Shift-Dir - straight line, f/p - orc priest
Aim: an orc priest, wielding a +1 whip of venom and wearing a +0 chain mail (84% to hit)
The searing ray hits the orc priest but does no damage. (Press . to maintain the ray.)
The orc priest hits you with a +1 whip of venom.
You are poisoned.
The searing ray hits the orc priest but does no damage.
You feel very sick.
The orc priest miscasts a cantrip.
The searing ray hits the orc priest!
The orc priest is heavily wounded.
You feel very sick.
The orc priest hits you with a +1 whip of venom.
You are lethally poisoned!
You barely miss the orc priest. Your grab misses the orc priest.
Your squeeze misses the orc priest.
The orc priest is heavily wounded.
You feel very sick. The orc priest misses you.
It was a potion of flight.
You feel very buoyant.
You fly up into the air.
* * * LOW HITPOINT WARNING * * *
You feel very sick. The orc priest barely misses you.
It was a potion of berserk rage.
A red film seems to cover your vision as you go berserk!
You feel yourself moving faster!
You feel mighty!
* * * LOW HITPOINT WARNING * * *
You feel sick. The orc priest barely misses you.
You closely miss the orc priest. Your grab misses the orc priest.
The orc priest is heavily wounded.
* * * LOW HITPOINT WARNING * * *
You feel sick.
The orc priest hits you with a +1 whip of venom!
* * * LOW HITPOINT WARNING * * *
You are more poisoned.
You hit the orc priest. Your grab misses the orc priest.
The orc priest is almost dead.
You die...

##. . #..
#..####)########
.........o.o##.#
..?..$.........#
###....######)##
#..#.. ###.#
#....#####...#
..#...@o....##
#.#..........#
.............#
...#<........#
.............#
..##......#### .
.........
###.#####.. ..
##


You could see an orc priest.

Vanquished Creatures
  An orc wizard (D:3)
  Robin (D:2)
  A worm (D:2)
  An orc (D:3)
  2 endoplasms (D:2)
  A giant cockroach (D:2)
  11 goblins
  4 hobgoblins
  A kobold (D:1)
  A quokka (D:2)
  3 ball pythons (D:2)
  3 frilled lizards
  A rat (D:2)
31 creatures vanquished.

Notes
Turn   | Place    | Note
-------+----------+-------------------------------------------
     0 | D:1      | firemarshallily the Octopode Conjurer began the quest for
                  | the Orb.
     0 | D:1      | Reached XP level 1. HP: 11/11 MP: 3/3
   233 | D:1      | You fall into a shaft and drop 1 floor!
   286 | D:2      | Reached XP level 2. HP: 17/17 MP: 0/5
   957 | D:2      | Noticed Robin
  1205 | D:2      | Reached XP level 3. HP: 22/22 MP: 4/6
  1208 | D:2      | Learned a level 2 spell: Searing Ray
  1268 | D:2      | Killed Robin
  1292 | D:2      | Reached skill level 1 in Fighting
  1638 | D:3      | Reached XP level 4. HP: 19/28 MP: 2/8
  1812 | D:3      | HP: 2/42 [orc priest/+1 whip of venom (7)]
  1813 | D:3      | Succumbed to an orc priest's poison

Illustrated notes

Levels and vault maps discovered:
D:1:      scummos_arrival_hexagon, layout_loops_corners,
          chequers_serial_rivers_room_a, corexii_hall_statues_l, st_stairs_4,
          minmay_pentomino_t2
D:2:      layout_basic, uniq_robin
D:3:      layout_rooms, shapermc_ecumenical_altar_totnotflames

Skill      XL: |  1  2  3 |
---------------+----------+-----
Fighting       | 1 |  1.2
Dodging        | |  2.5
Stealth        | |  2.6
Spellcasting   | |  2.9
Conjurations   | |  4.5

Action                   |  1- 3 |  4- 6 || total
-------------------------+-------+-------++-------
Melee: Mace              |    16 |       ||    16
       Constrict         |     6 |     1 ||     7
       Tentacles         |     4 |       ||     4
       Dagger            |     4 |     4 ||     8
 Cast: Magic Dart        |    44 |     4 ||    48
       Searing Ray       |     2 |     1 ||     3
  Use: Scroll            |     1 |       ||     1
       Potion            |       |     2 ||     2
Armor: Skin              |     4 |       ||     4
Dodge: Dodged            |    13 |     3 ||    16
